SKY
CHICAGO CUBS @ ST. LOUIS CARDINALS
04/19/2052
 
TOP OF THE 1ST
Chicago Cubs batting - Pitching for St. Louis Cardinals : RHP Merlin Peres
Pitching: RHP Merlin Peres
Batting: LHB José Armijo 0-0: Ground out U3 (Groundball, 3S, EV 83.8 MPH)
Batting: LHB Abdul Williams 0-0: Ball
1-0: Ground out 6-3 (Groundball, 56, EV 101.3 MPH)
Batting: RHB Meredith Moore 0-0: Called Strike
0-1: Ball
1-1: Swinging Strike
1-2: Foul Ball, location: 7LDF
1-2: Foul Ball, location: 23F
1-2: Foul Ball, location: 3F
1-2: Ball
2-2: Strikes out swinging
Top of the 1st over - 0 runs, 0 hits, 0 errors, 0 left on base; Chicago 0 - St. Louis 0
BOTTOM OF THE 1ST
St. Louis Cardinals batting - Pitching for Chicago Cubs : RHP Joe Borck
Pitching: RHP Joe Borck
Batting: SHB Joseph Mitchell 0-0: SINGLE (Line Drive, 8RS, EV 86.3 MPH)
Batting: RHB Bobby Grimm 0-0: Ball
1-0: Ball
2-0: Called Strike
2-1: DOUBLE (Line Drive, 89D, EV 105.6 MPH)
Joseph Mitchell to third
Runner from 3rd tries for Home, SAFE, no throw by CF
Batting: RHB Edward Lepak 0-0: Ground out 4-3 (Groundball, 34, EV 103.1 MPH)
Bobby Grimm to third
Batting: RHB Dan Moore 0-0: Ball
1-0: Foul Ball, location: 2F
1-1: Called Strike
1-2: Strikes out swinging
Batting: LHB Marcus Jones 0-0: Ball
1-0: SINGLE (Groundball, 34S, EV 71.9 MPH) (infield hit)
Bobby Grimm scores
Batting: SHB Lucas Cavanaugh 0-0: Ball
1-0: Foul Ball, location: 2F
1-1: Ball
2-1: Ball
3-1: Called Strike
3-2: Base on Balls
Marcus Jones to second
Batting: RHB Paco Paredes 0-0: Swinging Strike
0-1: Ball
1-1: Foul Ball, location: 2F
1-2: Foul Ball, location: 9LMF
1-2: Strikes out swinging
Bottom of the 1st over - 2 runs, 3 hits, 0 errors, 2 left on base; Chicago 0 - St. Louis 2
TOP OF THE 2ND
Chicago Cubs batting - Pitching for St. Louis Cardinals : RHP Merlin Peres
Batting: RHB Pokey Baker 0-0: Ball
1-0: SINGLE (Groundball, 6MS, EV 68.1 MPH) (infield hit)
Batting: LHB Ben Waters 0-0: Foul Ball, location: 7LDF
0-1: Called Strike
0-2: Ball
1-2: Fly out, F3 (Popup, 3SF, EV 73.1 MPH)
Batting: RHB Derek McCone 0-0: Swinging Strike
0-1: Called Strike
0-2: Strikes out swinging
Batting: RHB Joseph Young 0-0: Ball
1-0: Ball
2-0: Ground out 4-3 (Groundball, 4D, EV 94.4 MPH)
Top of the 2nd over - 0 runs, 1 hit, 0 errors, 1 left on base; Chicago 0 - St. Louis 2
BOTTOM OF THE 2ND
St. Louis Cardinals batting - Pitching for Chicago Cubs : RHP Joe Borck
Batting: SHB Mark Crabtree 0-0: Ball
1-0: Fly out, F8 (Flyball, 8LM, EV 98.8 MPH)
Batting: LHB Josef Rosendorff 0-0: Foul Ball, location: 2F
0-1: Foul Ball, location: 2F
0-2: Strikes out swinging
Batting: SHB Joseph Mitchell 0-0: Foul Ball, location: 7LDF
0-1: Ball
1-1: Foul Ball, location: 3FF
1-2: Strikes out looking
Bottom of the 2nd over - 0 runs, 0 hits, 0 errors, 0 left on base; Chicago 0 - St. Louis 2
TOP OF THE 3RD
Chicago Cubs batting - Pitching for St. Louis Cardinals : RHP Merlin Peres
Batting: RHB Abel Stewart 0-0: Swinging Strike
0-1: Foul Ball, location: 5FF
0-2: Strikes out swinging
Batting: RHB Lincoln Richards 0-0: Ball
1-0: Called Strike
1-1: Fly out, F8 (Flyball, 8LS, EV 95.6 MPH)
Batting: LHB José Armijo 0-0: Called Strike
0-1: SINGLE (Line Drive, 8LS, EV 86.3 MPH)
Batting: LHB Abdul Williams 0-0: Foul Ball, location: 2RF
0-1: Swinging Strike
0-2: Strikes out swinging
Top of the 3rd over - 0 runs, 1 hit, 0 errors, 1 left on base; Chicago 0 - St. Louis 2
BOTTOM OF THE 3RD
St. Louis Cardinals batting - Pitching for Chicago Cubs : RHP Joe Borck
Batting: RHB Bobby Grimm 0-0: Called Strike
0-1: Ball
1-1: Ball
2-1: Ground out 2-3 (Groundball, 2L, EV 75.0 MPH)
Batting: RHB Edward Lepak 0-0: Called Strike
0-1: Ball
1-1: Swinging Strike
1-2: Ball
2-2: Foul Ball, location: 3DF
2-2: Ball
3-2: Foul Ball, location: 3FF
3-2: SINGLE (Line Drive, 78S, EV 96.3 MPH)
Batting: RHB Dan Moore 0-0: DOUBLE (Groundball, 5L, EV 103.8 MPH)
Edward Lepak to third
Batting: LHB Marcus Jones 0-0: Called Strike
0-1: Reached on error, E1 (Groundball, 15S, EV 71.3 MPH)
Edward Lepak scores
Dan Moore to third
Batting: SHB Lucas Cavanaugh 0-0: Swinging Strike
0-1: Foul Ball, location: 5SF
0-2: Ball
1-2: Ball
2-2: Ball
3-2: Base on Balls
Batting: RHB Paco Paredes 0-0: Called Strike
0-1: Grounds into double play, 4-6-3 (Groundball, 4, EV 82.5 MPH)
Bottom of the 3rd over - 1 run, 2 hits, 1 error, 2 left on base; Chicago 0 - St. Louis 3
TOP OF THE 4TH
Chicago Cubs batting - Pitching for St. Louis Cardinals : RHP Merlin Peres
Batting: RHB Meredith Moore 0-0: Ground out 6-3 (Groundball, 6, EV 105.6 MPH)
Batting: RHB Pokey Baker 0-0: Called Strike
0-1: Ball
1-1: Ground out 6-3 (Groundball, 6, EV 61.9 MPH)
Batting: LHB Ben Waters 0-0: Swinging Strike
0-1: Foul Ball, location: 7LDF
0-2: Strikes out swinging
Top of the 4th over - 0 runs, 0 hits, 0 errors, 0 left on base; Chicago 0 - St. Louis 3
BOTTOM OF THE 4TH
St. Louis Cardinals batting - Pitching for Chicago Cubs : RHP Joe Borck
Batting: SHB Mark Crabtree 0-0: Ball
1-0: Fly out, F9 (Flyball, 89S, EV 90.6 MPH)
Batting: LHB Josef Rosendorff 0-0: Called Strike
0-1: Foul Ball, location: 3F
0-2: Ball
1-2: Foul Ball, location: 2F
1-2: Ground out 5-3 (Groundball, 5, EV 101.9 MPH)
Batting: SHB Joseph Mitchell 0-0: Ball
1-0: Called Strike
1-1: Foul Ball, location: 3FF
1-2: Fly out, F8 (Flyball, 78M, EV 96.9 MPH)
Bottom of the 4th over - 0 runs, 0 hits, 0 errors, 0 left on base; Chicago 0 - St. Louis 3
TOP OF THE 5TH
Chicago Cubs batting - Pitching for St. Louis Cardinals : RHP Merlin Peres
Batting: RHB Derek McCone 0-0: Called Strike
0-1: Ball
1-1: Foul Ball, location: 3F
1-2: Strikes out swinging
Batting: RHB Joseph Young 0-0: Ball
1-0: Foul Ball, location: 23FF
1-1: Swinging Strike
1-2: Strikes out looking
Batting: RHB Abel Stewart 0-0: Ball
1-0: Called Strike
1-1: Called Strike
1-2: Ground out 1-3 (Groundball, 13S, EV 66.9 MPH)
Top of the 5th over - 0 runs, 0 hits, 0 errors, 0 left on base; Chicago 0 - St. Louis 3
BOTTOM OF THE 5TH
St. Louis Cardinals batting - Pitching for Chicago Cubs : RHP Joe Borck
Batting: RHB Bobby Grimm 0-0: SINGLE (Groundball, 4MD, EV 105.6 MPH)
Batting: RHB Edward Lepak 0-0: Called Strike
0-1: Grounds into double play, 4-6-3 (Groundball, 4, EV 106.9 MPH)
Batting: RHB Dan Moore 0-0: Called Strike
0-1: Ball
1-1: Ball
2-1: SOLO HOME RUN (Line Drive, 7D, EV 101.9 MPH), Distance : 386 ft
Batting: LHB Marcus Jones 0-0: Called Strike
0-1: Swinging Strike
0-2: Strikes out swinging
Bottom of the 5th over - 1 run, 2 hits, 0 errors, 0 left on base; Chicago 0 - St. Louis 4
TOP OF THE 6TH
Chicago Cubs batting - Pitching for St. Louis Cardinals : RHP Merlin Peres
Batting: RHB Lincoln Richards 0-0: Called Strike
0-1: Ball
1-1: Swinging Strike
1-2: Fly out, F9 (Line Drive, 89D, EV 95.6 MPH)
Batting: LHB José Armijo 0-0: Called Strike
0-1: Foul Ball, location: 2F
0-2: Ball
1-2: Strikes out looking
Batting: LHB Abdul Williams 0-0: Ball
1-0: Ball
2-0: Ball
3-0: Base on Balls
Batting: RHB Meredith Moore 0-0: Ball
Wild Pitch!
Abdul Williams to second
1-0: Ball
2-0: Called Strike
2-1: Swinging Strike
2-2: Strikes out swinging
Top of the 6th over - 0 runs, 0 hits, 0 errors, 1 left on base; Chicago 0 - St. Louis 4
BOTTOM OF THE 6TH
St. Louis Cardinals batting - Pitching for Chicago Cubs : RHP Joe Borck
Batting: SHB Lucas Cavanaugh 0-0: Called Strike
0-1: Ball
1-1: Foul Ball, location: 2F
1-2: Ball
2-2: Ball
3-2: Base on Balls
Batting: RHB Paco Paredes 0-0: Called Strike
0-1: Ball
1-1: Ball
2-1: Ball
3-1: Called Strike
3-2: Foul Ball, location: 2F
3-2: Fly out, F2 (Popup, 23F, EV 87.5 MPH)
Batting: SHB Mark Crabtree 0-0: Swinging Strike
0-1: Called Strike
0-2: Strikes out swinging
Batting: LHB Josef Rosendorff 0-0: Ball
1-0: SINGLE (Line Drive, 89S, EV 94.4 MPH)
Lucas Cavanaugh to second
Batting: SHB Joseph Mitchell 0-0: Called Strike
0-1: Ball
1-1: Foul Ball, location: 3FF
1-2: Foul Ball, location: 3FF
1-2: Ground out U3 (Groundball, 3, EV 86.3 MPH)
Bottom of the 6th over - 0 runs, 1 hit, 0 errors, 2 left on base; Chicago 0 - St. Louis 4
TOP OF THE 7TH
Chicago Cubs batting - Pitching for St. Louis Cardinals : RHP Merlin Peres
Batting: RHB Pokey Baker 0-0: Ground out 6-3 (Groundball, 6, EV 86.9 MPH)
Batting: LHB Ben Waters 0-0: Ball
1-0: Ground out 4-3 (Groundball, 4, EV 100.0 MPH)
Batting: RHB Derek McCone 0-0: Ball
1-0: Called Strike
1-1: Called Strike
1-2: Ball
2-2: Foul Ball, location: 2F
2-2: Strikes out looking
Top of the 7th over - 0 runs, 0 hits, 0 errors, 0 left on base; Chicago 0 - St. Louis 4
BOTTOM OF THE 7TH
St. Louis Cardinals batting - Pitching for Chicago Cubs : RHP Joe Borck
Batting: RHB Bobby Grimm 0-0: Called Strike
0-1: Ball
1-1: SINGLE (Flyball, 7LS, EV 93.8 MPH)
Pitching: RHP Brayan Juratovac
Batting: RHB Edward Lepak 0-0: Fly out, F6 (Line Drive, 6, EV 63.8 MPH)
Batting: RHB Dan Moore 0-0: Called Strike
0-1: Foul Ball, location: 5FF
0-2: Ball
1-2: Ball
2-2: Fly out, F7 (Line Drive, 7D, EV 96.3 MPH)
Batting: LHB Marcus Jones 0-0: Called Strike
0-1: Foul Ball, location: 2F
0-2: Foul Ball, location: 5FF
0-2: Ball
1-2: Strikes out swinging
Bottom of the 7th over - 0 runs, 1 hit, 0 errors, 1 left on base; Chicago 0 - St. Louis 4
TOP OF THE 8TH
Chicago Cubs batting - Pitching for St. Louis Cardinals : RHP Merlin Peres
Pinch Hitting: SHB Britt Bell 0-0: Ball
1-0: Foul Ball, location: 7LMF
1-1: SINGLE (Groundball, 34D, EV 102.5 MPH)
Batting: RHB Abel Stewart 0-0: Ball
1-0: Ball
2-0: Ball
3-0: Called Strike
3-1: Base on Balls
Britt Bell to second
Pitching: RHP Mal Tanner
Batting: RHB Lincoln Richards 0-0: Ball
1-0: Grounds into double play, 6-4-3 (Groundball, 6S, EV 88.8 MPH)
Britt Bell to third
Batting: LHB José Armijo 0-0: Called Strike
0-1: Foul Ball, location: 23F
0-2: Strikes out swinging
Top of the 8th over - 0 runs, 1 hit, 0 errors, 1 left on base; Chicago 0 - St. Louis 4
BOTTOM OF THE 8TH
St. Louis Cardinals batting - Pitching for Chicago Cubs : RHP Brayan Juratovac
Now at 3B: Jonah Daley
Now at SS: Abel Stewart
Batting: SHB Lucas Cavanaugh 0-0: Called Strike
0-1: Called Strike
0-2: Ball
1-2: Foul Ball, location: 2F
1-2: Strikes out swinging
Batting: RHB Paco Paredes 0-0: Called Strike
0-1: Ground out 4-3 (Groundball, 4, EV 83.8 MPH)
Batting: SHB Mark Crabtree 0-0: Ball
1-0: Foul Ball, location: 7LSF
1-1: Called Strike
1-2: Ball
2-2: Ball
3-2: Strikes out looking
Bottom of the 8th over - 0 runs, 0 hits, 0 errors, 0 left on base; Chicago 0 - St. Louis 4
TOP OF THE 9TH
Chicago Cubs batting - Pitching for St. Louis Cardinals : RHP Mal Tanner
Batting: LHB Abdul Williams 0-0: Called Strike
0-1: Called Strike
0-2: Ball
1-2: Ground out 6-3 (Groundball, 6M, EV 102.5 MPH)
Batting: RHB Meredith Moore 0-0: Ball
1-0: SINGLE (Line Drive, 7S, EV 105.6 MPH)
Batting: RHB Pokey Baker 0-0: Ball
1-0: Fielders Choice at 2nd, 3-6 (Groundball, 34S, EV 76.3 MPH)
Batting: LHB Ben Waters 0-0: Ball
1-0: SINGLE (Groundball, 56D, EV 105.6 MPH)
Pokey Baker to second
Batting: RHB Derek McCone 0-0: Called Strike
0-1: Ball
1-1: Called Strike
1-2: Strikes out looking
Top of the 9th over - 0 runs, 2 hits, 0 errors, 2 left on base; Chicago 0 - St. Louis 4
Wednesday, April 17th , 2024 - OOTP Baseball 24.11 Build 85